 Dungeon Crawl Stone Soup version 0.26.1-11-gd32895ea62 (webtiles) character file.

Game seed: 11271187700995365578

59850 dtburroughs the Fighter (level 14, -7/129 HPs)
             Began as a Minotaur Berserker on July 19, 2021.
             Was a High Priest of Trog.
             Mangled by a skeletal warrior
             ... wielding a +0 short sword
             ... led by a skeletal warrior
              (19 damage)
             ... on level 13 of the Dungeon.
             The game lasted 00:55:34 (29889 turns).

dtburroughs the Fighter (Minotaur Berserker)       Turns: 29889, Time: 00:55:35

Health: -7/129     AC: 22    Str: 24    XL:     14   Next: 54%
Magic:  13/13      EV: 17    Int:  7    God:    Trog [*****.]
Gold:   1613       SH:  0    Dex: 10    Spells: 13/13 levels left

rFire    + . .     SeeInvis .   A - +3 broad axe
rCold    . . .     Faith    .   (no shield)
rNeg     . . .     Spirit   .   h - +1 chain mail {rPois}
rPois    +         Reflect  .   (helmet restricted)
rElec    .         Harm     .   I - +2 cloak
rCorr    .         Rampage  .   x - +2 pair of gloves
Will     +++..                  m - +0 pair of boots
Stlth    ..........             (no amulet)
HPRegen  1.31/turn              y - ring of protection from fire
MPRegen  0.13/turn              o - +4 ring of evasion

@: regenerating (expiring)
A: retaliatory headbutt, horns 2
a: Renounce Religion, Berserk, Trog's Hand, Brothers in Arms


You were on level 13 of the Dungeon.
You worshipped Trog.
Trog was extremely pleased with you.
You visited 2 branches of the dungeon, and saw 19 of its levels.

You collected 1613 gold pieces.

Inventory:

Hand Weapons
 A - a +3 broad axe (weapon)
 L - a +0 war axe of flaming
Armour
 e - a +0 buckler
 h - a +1 chain mail of poison resistance (worn)
 i - a +0 tower shield
 m - a +0 pair of boots (worn)
 x - a +2 pair of gloves (worn)
 I - a +2 cloak (worn)
 T - the +0 plate armour "Wielauxt" {rC+ rN+}
   (You found it on level 6 of the Lair of Beasts)

   It protects you from cold.
   It protects you from negative energy.
Jewellery
 b - an uncursed ring of resist corrosion {unknown}
 o - a +4 ring of evasion (right hand)
 y - a ring of protection from fire (left hand)
 N - an uncursed ring of positive energy
 O - an uncursed ring of protection from cold
Wands
 s - a wand of random effects (65)
 v - a wand of flame (17)
 F - a wand of paralysis (25)
 H - a wand of iceblast (11)
 K - a wand of acid (14)
 P - a wand of polymorph (9)
 R - a wand of enslavement (11)
Scrolls
 c - 3 scrolls of blinking
 f - 9 scrolls of remove curse
 p - 2 scrolls of magic mapping
 q - 8 scrolls of fear
 t - 2 scrolls of immolation
 w - 7 scrolls of teleportation
 M - 2 scrolls of fog
Potions
 a - 3 potions of might
 d - 6 potions of attraction
 g - a potion of flight
 k - 4 potions of curing
 z - a potion of lignification {unknown}
 C - 6 potions of ambrosia
 E - 2 potions of haste
 Q - a potion of mutation {unknown}
 S - 2 potions of heal wounds
Miscellaneous
 r - a phial of floods
 G - a tin of tremorstones (2/2)


   Skills:
 + Level 13.0 Fighting
 + Level 13.0 Axes
 + Level 12.8 Armour
 + Level 11.9 Dodging
 + Level 12.4 Shields
 + Level 9.5 Evocations


You had 13 spell levels left.
You didn't know any spells.
Your spell library was empty.

Dungeon Overview and Level Annotations

Branches:
Dungeon (13/15)            Temple (0/1) D:7            Lair (6/6) D:10
  Swamp (0/4) Lair:4       Spider (0/4) Lair:4        Slime (0/5) Lair:6
    Orc (0/2) D:9          Vaults (0/5) D:13

Altars:
Dithmenos
Elyvilon
Fedhas
Hepliaklqana
Kikubaaqudgha
Nemelex Xobeh
Okawaru
Ru
Sif Muna
Vehumet
Yredelemnul
The Shining One
Beogh
Jiyva
Lugonu

Portals:
Bailey: D:13

Annotations:
D:7 2 transporters
D:12 3 runed translucent doors, jlumianski's ghost, journeyman GnWr
Lair:3 exclusion: 2 oklob plants


Innate Abilities, Weirdness & Mutations

You reflexively headbutt those who attack you in melee.
You have a pair of horns on your head.


Message History

You furiously retaliate!
You headbutt the skeletal warrior. You hit the skeletal warrior.
The skeletal warrior is moderately damaged.
The skeletal warrior hits you with a +0 short sword!
You hit the skeletal warrior but do no damage.
The skeletal warrior is moderately damaged.
The skeletal warrior hits you with a +0 short sword!
* * * LOW HITPOINT WARNING * * *
You closely miss the skeletal warrior.
The skeletal warrior is moderately damaged.
The skeletal warrior hits you but does no damage.
Your chain mail prevents you from hitting the skeletal warrior.
Your headbutt misses the skeletal warrior.
The skeletal warrior is moderately damaged.
The skeletal warrior hits you with a +0 short sword!
* * * LOW HITPOINT WARNING * * *
You hit the skeletal warrior but do no damage.
The skeletal warrior is moderately damaged.
The skeletal warrior hits you with a +0 short sword!!
You die...

...................
.......).<.......z.
######.)########.##
#..#######...#
#.......zg....
#.............
#......#.#....
##############.....#####...
.........)@zg........∩.....
###############....#####...
#.....#.#.... #............
#............ #####........
#########


You could see a skeletal warrior and a goblin.

Vanquished Creatures
  Josephine (D:10)
  A fire dragon (Lair:6)
  Erolcha (D:10)
  9 hydras
  A boulder beetle (Lair:6)
  Erica (D:10)
  A two-headed ogre (D:10)
  2 dancing weapons (D:13)
  4 death yaks (Lair:5)
  3 skeletal warriors (D:13)
  An unseen horror (D:10)
  A lindwurm (Lair:6)
  An orc knight (D:12)
  A deep elf mage (D:11)
  A cyclops (D:13)
  An orc sorcerer (D:12)
  A moth of wrath (shapeshifter) (D:11)
  17 elephants
  9 black mambas
  3 molten gargoyles (Lair:6)
  Psyche (D:9)
  A gargoyle (D:12)
  10 cane toads
  A centaur skeleton (D:12)
  Maggie (D:9)
  2 rime drakes
  2 kobold demonologists
  10 komodo dragons
  2 polar bears
  A jumping spider (Lair:4)
  3 trolls
  Grinder (D:4)
  4 tyrant leeches (Lair:4)
  A hornet (Lair:4)
  10 blink frogs
  5 wraiths
  11 basilisks
  16 yaks
  9 wyverns
  2 steam dragons (Lair:6)
  3 vampire mosquitoes (D:12)
  2 soldier ants (D:12)
  A naga (shapeshifter) (D:13)
  17 water moccasins
  Duvessa (D:6)
  10 orc warriors
  3 hell hounds (Lair:6)
  9 sky beasts
  2 phantoms
  A necrophage (D:12)
  2 black bears
  4 ice beasts
  7 ogres
  9 wolves
  9 centaurs
  3 big kobolds
  12 bullfrogs
  A gnoll sergeant (D:6)
  A water moccasin zombie (D:8)
  Dowan (D:6)
  5 scorpions
  28 killer bees
  5 wights (D:8)
  A howler monkey (D:5)
  4 electric eels
  2 centaur zombies
  4 lava snakes (Lair:6)
  2 bullfrog zombies
  9 hounds
  2 jellies
  A quasit (D:12)
  6 orc priests
  19 orc wizards
  Jessica (D:3)
  2 iguanas
  12 worker ants
  11 hell rats
  A killer bee zombie (D:6)
  A hound skeleton (D:10)
  A worker ant zombie (D:5)
  8 gnolls
  9 adders
  A shadow imp (D:10)
  2 oozes (D:3)
  2 adder skeletons
  3 worms
  A dart slug (D:1)
  10 leopard geckos
  70 orcs
  2 ball pythons (D:3)
  10 bats
  6 giant cockroaches
  4 goblins
  7 hobgoblins
  18 jackals
  21 kobolds
  4 quokkas
  8 frilled lizards
  A leopard gecko skeleton (D:4)
  3 quokka skeletons
  A quokka zombie (D:5)
  10 rats
569 creatures vanquished.

Vanquished Creatures (collateral kills)
  Snorg (Lair:6)
  A cane toad (Lair:5)
  A basilisk (Lair:6)
3 creatures vanquished.

Vanquished Creatures (others)
  A lava snake (Lair:6)
  39 fungi
  54 plants
94 creatures vanquished.

Grand Total: 666 creatures vanquished

Notes
Turn   | Place    | Note
-------+----------+-------------------------------------------
     0 | D:1      | dtburroughs the Minotaur Berserker began the quest for the
                  | Orb.
     0 | D:1      | Reached XP level 1. HP: 19/19 MP: 0/0
   239 | D:1      | Reached XP level 2. HP: 27/27 MP: 1/1
  1122 | D:2      | Reached XP level 3. HP: 32/33 MP: 2/2
  1382 | D:2      | Found a blossoming altar of Fedhas.
  1512 | D:2      | Reached ** piety under Trog
  2145 | D:2      | Reached XP level 4. HP: 22/40 MP: 3/3
  2559 | D:2      | Reached skill level 1 in Shields
  2682 | D:3      | Reached XP level 5. HP: 26/47 MP: 4/4
  3064 | D:3      | Noticed Jessica
  3089 | D:3      | Killed Jessica
  3275 | D:3      | Reached skill level 5 in Fighting
  3275 | D:3      | Reached XP level 6. HP: 51/56 MP: 5/5
  3278 | D:3      | Reached skill level 5 in Axes
  3570 | D:4      | Reached *** piety under Trog
  3781 | D:4      | Noticed Grinder
  3790 | D:4      | Killed Grinder
  3791 | D:4      | Reached XP level 7. HP: 61/61 MP: 6/6
  4597 | D:5      | Entered Level 5 of the Dungeon
  4942 | D:5      | Reached skill level 5 in Armour
  5019 | D:5      | Reached skill level 1 in Evocations
  5250 | D:5      | Reached skill level 5 in Dodging
  5250 | D:5      | Reached XP level 8. HP: 55/70 MP: 7/7
  5986 | D:6      | Found a shadowy altar of Dithmenos.
  6178 | D:6      | Noticed Duvessa
  6179 | D:6      | Noticed Dowan
  6192 | D:6      | Killed Dowan
  6198 | D:6      | HP: 5/106 [Duvessa/+1 rapier of flaming (6)]
  6199 | D:6      | Killed Duvessa
  6877 | D:6      | Found a sparkling altar of Nemelex Xobeh.
  6877 | D:6      | Found an iron altar of Okawaru.
  6879 | D:6      | Found a glowing golden altar of the Shining One.
  6906 | D:6      | Found an ancient bone altar of Kikubaaqudgha.
  6906 | D:6      | Found a hazy altar of Hepliaklqana.
  6912 | D:6      | Found a shimmering blue altar of Sif Muna.
  7246 | D:7      | Reached **** piety under Trog
  7250 | D:7      | Reached skill level 5 in Shields
  7304 | D:7      | Noticed an ancient zyme
  7305 | D:7      | Found a transporter.
  7305 | D:7      | Noticed a raiju
  7305 | D:7      | Noticed a white ugly thing
  7305 | D:7      | Noticed a brown ugly thing
  7347 | D:7      | Found a staircase to the Ecumenical Temple.
  7632 | D:7      | Found a transporter.
  7634 | D:7      | Found a corrupted altar of Lugonu.
  7743 | D:8      | Reached XP level 9. HP: 53/79 MP: 8/8
  7968 | D:8      | Found an iron altar of Okawaru.
  8036 | D:8      | Found a white marble altar of Elyvilon.
  8433 | D:8      | Found a basalt altar of Yredelemnul.
  8486 | D:9      | Noticed Maggie
  8560 | D:9      | Killed Maggie
  8781 | D:9      | Noticed Psyche
  8795 | D:9      | Killed Psyche
  8796 | D:9      | Reached XP level 10. HP: 61/88 MP: 9/9
  9289 | D:9      | Reached ***** piety under Trog
  9672 | D:9      | Found a roughly hewn altar of Beogh.
  9672 | D:9      | Found a staircase to the Orcish Mines.
 10283 | D:10     | Entered Level 10 of the Dungeon
 10285 | D:10     | Noticed Erica
 10306 | D:10     | Killed Erica
 10307 | D:10     | Reached skill level 5 in Evocations
 10338 | D:10     | Noticed Erolcha
 10433 | D:10     | Killed Erolcha
 10523 | D:10     | Found a staircase to the Lair.
 10526 | D:10     | Noticed a two-headed ogre
 11016 | D:10     | Killed a two-headed ogre
 11691 | D:10     | Reached XP level 11. HP: 66/97 MP: 10/10
 11933 | D:10     | HP: 2/97 [something (6)]
 11940 | D:10     | HP: 3/97 [something (4)]
 12219 | D:10     | Noticed Josephine
 12233 | D:10     | Killed Josephine
 12240 | D:10     | Found a sacrificial altar of Ru.
 12787 | D:10     | Killed an unseen horror
 14347 | D:11     | Reached skill level 10 in Fighting
 14417 | D:11     | Noticed a deep elf mage
 14436 | D:11     | Reached skill level 10 in Axes
 14623 | D:11     | Killed a deep elf mage
 14678 | D:11     | Found a blossoming altar of Fedhas.
 14785 | D:11     | Found a radiant altar of Vehumet.
 15266 | Lair:1   | Entered Level 1 of the Lair of Beasts
 15652 | Lair:1   | Reached skill level 10 in Armour
 15789 | Lair:1   | Reached XP level 12. HP: 60/107 MP: 11/11
 15984 | Lair:1   | Noticed a four-headed hydra
 16001 | Lair:1   | Killed a four-headed hydra
 17244 | Lair:2   | Reached skill level 10 in Shields
 17806 | Lair:2   | Reached skill level 10 in Dodging
 18351 | Lair:2   | Found the +5 robe of Night {Dark Will+ SInv}
 18742 | Lair:3   | Received a gift from Trog
 20165 | Lair:4   | Noticed a six-headed hydra
 20183 | Lair:4   | Killed a three-headed hydra
 20184 | Lair:4   | Reached XP level 13. HP: 82/116 MP: 12/12
 20995 | Lair:4   | Found a staircase to the Swamp.
 21672 | Lair:4   | Found a hole to the Spider Nest.
 23590 | Lair:6   | Entered Level 6 of the Lair of Beasts
 23590 | Lair:6   | Found a viscous altar of Jiyva.
 23590 | Lair:6   | Found a staircase to the Slime Pits.
 23688 | Lair:6   | Got an encrusted plate armour
 23694 | Lair:6   | Identified the Grimoire of Companions
 23730 | Lair:5   | Identified the +0 plate armour "Wielauxt" {rC+ rN+} (You
                  | found it on level 6 of the Lair of Beasts)
 24749 | Lair:6   | Noticed Snorg
 25999 | Lair:6   | Noticed a fire dragon
 26000 | Lair:6   | Found a large runed translucent door.
 26041 | Lair:6   | Reached XP level 14. HP: 55/127 MP: 13/13
 26541 | Lair:6   | Killed Snorg
 26677 | Lair:6   | Found a large runed translucent door.
 28104 | D:12     | Found a runed translucent gate.
 28105 | D:12     | Found a runed translucent gate.
 28106 | D:12     | Found a runed translucent gate.
 28106 | D:12     | Identified the cursed +2 short sword of Corporal Punishment
                  | {chaos, +Rage rC+}
 28106 | D:12     | Noticed jlumianski's ghost (journeyman GnWr)
 28107 | D:12     | Identified the +9 dagger of Qazlal's Castigation {pain,
                  | Stlth+}
 29658 | D:13     | Found a gate to the Vaults.
 29817 | D:13     | Found a flagged portal.
 29889 | D:13     | Mangled by a skeletal warrior

Illustrated notes

Levels and vault maps discovered:
D:1:      amcnicky_arrival_flooded_fountain, layout_loops_ring
D:2:      layout_basic, fedhas_altar_2
D:3:      layout_rooms, kennysheep_pointless_box, uniq_jessica
D:4:      layout_basic, uniq_grinder
D:5:      layout_loops_ring
D:6:      layout_cave_pods, kennysheep_mini, minitemple, uniq_duvessa
D:7:      gammafunk_corrupted_shrine, layout_basic, temple_fountains
D:8:      layout_rooms, kennysheep_ying_yang, okawaru_trees_1
D:9:      layout_cave_pools, david_orc_5, chequers_serial_rivers_large_a,
          serial_bayou_lagoon_b, uniq_maggie, uniq_psyche
D:10:     layout_basic, erik_lair_island, basic_altar,
          hangedman_decor_slide_cut, uniq_erolcha, uniq_erica, uniq_josephine
D:11:     layout_loops_ring, basic_altar, minmay_ruined_shrine
D:12:     layout_long_grid, gammafunk_ghost_nasty_kobolds
D:13:     layout_long_grid, erik_vaults_1, enter_bailey_4
Lair:1:   layout_hall_layers, gauntlet_entry_generic, st_stairs_5
Lair:2:   layout_misc_corridors, pond, grunt_megastairs_2
Lair:3:   regret_index_harrowing_hell_hive, layout_loops_ring,
          grunt_megastairs_5
Lair:4:   layout_big_grid, minmay_swamp_entry_worms, spider_nest_entry_rubble,
          nicolae_quartered_pool_little
Lair:5:   layout_roguey
Lair:6:   cheibrodos_lair_end_hotspot, layout_regular_city, slime_altar_1,
          ldierk_geyser, uniq_snorg

Skill      XL: |  1  2  3  4  5  6  7  8  9 10 11 12 13 14 |
---------------+-------------------------------------------+-----
Axes           | 4 5 6 7 8 9 10 11 12 13 | 13.0
Fighting       | 4 5 6 7 8 9 10 11 12 13 | 13.0
Armour         | 3 4 5 6 7 8 10 11 12 | 12.8
Dodging        | 3 4 5 6 7 8 9 10 11 | 11.9
Shields        | 1 2 3 4 5 6 8 9 10 11 12 | 12.4
Evocations     | 1 3 4 5 6 8 9 |  9.5

Action                   |  1- 3 |  4- 6 |  7- 9 | 10-12 | 13-15 || total
-------------------------+-------+-------+-------+-------+-------++-------
Melee: Hand axe          |    91 |   142 |   317 |   625 |       ||  1175
       Headbutt          |    11 |    19 |    70 |   207 |   161 ||   468
       War axe           |       |       |       |   227 |    66 ||   293
       Broad axe         |       |       |       |    85 |   643 ||   728
       Morningstar       |       |       |       |    12 |       ||    12
Invok: Berserk           |     1 |     1 |     1 |     5 |       ||     8
       Trog's Hand       |       |     3 |    10 |    16 |     5 ||    34
       Brothers in Arms  |       |       |       |     1 |     2 ||     3
Evoke: Wand              |       |       |     3 |     1 |     2 ||     6
  Use: Scroll            |       |       |     8 |    10 |     7 ||    25
       Potion            |       |       |       |     4 |     1 ||     5
 Stab: Distracted        |       |       |       |       |     1 ||     1
Armor: Animal skin       |    21 |       |       |       |       ||    21
       Chain mail        |       |    89 |   114 |    13 |    73 ||   289
       Plate armour      |       |       |       |   472 |   321 ||   793
Dodge: Dodged            |    62 |    56 |   214 |   634 |   553 ||  1519
Block: Buckler           |     5 |    23 |    69 |   293 |   217 ||   607
